Map: Vaani Research Station (Void)

Players

STRAYKER

  • Race: Zerg Zerg
  • League: Diamond
  • Spawn Location: 6:00

Gorod - Winner!

  • Race: Zerg Zerg
  • League: Diamond
  • Spawn Location: 12:00

VOD

Have the link to the VOD?

Description

Time

  • Played on: Dec. 19, 2016, 8:36 a.m.
  • Length: 9:51
Show
View Real Time Build Order
Export as new Build Order

STRAYKER Zerg 

Build Orders: Hatch First 

Get SALT Encoding   

  12  0:09  Drone  
  12  0:10  Drone  
  12  0:13  Extractor  
  13  0:15  Drone  
  15  0:23  Overlord  
  15  0:49  Drone  
  16  0:50  Hatchery  
  16  0:53  Drone  
  16  0:56  Drone  
  17  1:13  Spawning Pool  
  17  1:16  Extractor  
  17  1:17  Drone  
  16  1:21  Drone  
  17  1:27  Drone  
  18  1:42  Overlord  
  18  1:55  Drone  
  18  1:58  Overlord  
  18  2:00  Queen  
  21  2:04  Queen  
  21  2:07  Zergling x2  
  24  2:18  Drone x2  
  24  2:20  Metabolic Boost  
  25  2:40  Zergling x8  
  25  2:42  Drone  
  30  2:46  Drone  
  31  2:52  Drone  
  32  3:00  Baneling Nest  
  32  3:03  Drone x2  
  33  3:10  Drone x4  
  37  3:15  Zergling x4  
  39  3:21  Overlord  
  39  3:29  Zergling x4  
  41  3:34  Drone  
  42  3:46  Drone x2  
  44  3:53  Lair  
  44  3:55  Extractor  
  44  3:58  Hatchery  
  44  3:59  Drone x2  
  44  4:01  Extractor  
  40  4:32  Drone x2  
  40  4:37  Extractor  
  40  4:38  Drone  
  42  4:49  Drone  
  42  4:50  Drone x2  
  42  4:51  Baneling x3  
  43  4:58  Spine Crawler, Zergling x4  
  44  5:04  Overlord  
  44  5:09  Baneling x3  
  36  5:21  Zergling x2  
  36  5:22  Zergling x18  
  44  5:33  Zergling x2  
  44  5:34  Zergling x2  
  33  5:46  Queen  
  35  5:50  Baneling x2  
  35  5:53  Drone x2  
  35  5:55  Drone x2  
  37  6:17  Zergling x8  
  33  6:29  Drone x3  
  34  6:36  Baneling  
  33  6:55  Zergling x6  
  33  6:56  Zergling x6  
  39  7:04  Baneling  
  35  7:10  Zergling x4  
  35  7:11  Zergling x4  
  35  7:24  Zergling x6  
  38  7:35  Drone x2  
  34  8:02  Zergling x4  
  34  8:03  Zergling x8  
  38  8:09  Zergling x6  
  40  8:16  Zergling x4  
  30  8:33  Baneling, Zergling x4  
  30  8:34  Zergling x4  
  27  8:50  Baneling  
  27  8:51  Baneling  
  27  8:52  Baneling x2  
  23  9:03  Spine Crawler  
  23  9:07  Baneling x2  
  22  9:22  Spawning Pool  
Show
View Real Time Build Order
Export as new Build Order

Gorod Zerg - Winner!

Build Orders: Pool First, Zergling Baneling 

Get SALT Encoding   

  12  0:01  Drone  
  13  0:13  Overlord  
  13  0:20  Drone  
  14  0:23  Extractor  
  14  0:24  Drone  
  15  0:32  Drone  
  15  0:35  Drone  
  17  0:48  Spawning Pool  
  16  0:50  Extractor  
  16  0:54  Drone  
  16  0:57  Drone  
  17  1:23  Hatchery  
  16  1:28  Drone x2  
  18  1:35  Evolution Chamber  
  18  1:39  Zergling x2  
  18  1:52  Queen  
  20  2:05  Drone  
  20  2:06  Metabolic Boost  
  20  2:08  Drone  
  22  2:14  Overlord  
  22  2:25  Baneling Nest  
  21  2:34  Queen  
  22  2:41  Zergling x2  
  22  2:42  Zergling x2  
  24  2:47  Evolution Chamber  
  23  2:51  Drone  
  23  2:54  Drone  
  25  3:19  Zerg Ground Armor Level 1  
  25  3:21  Zergling x8  
  29  3:27  Overlord  
  28  3:44  Baneling x2  
  28  3:46  Zergling x8  
  31  4:02  Baneling  
  31  4:03  Baneling  
  29  4:29  Baneling x2  
  28  4:33  Zergling x20  
  38  4:42  Baneling x2  
  38  4:50  Zergling x8  
  42  5:00  Zergling x2  
  42  5:03  Overlord  
  43  5:09  Baneling  
  25  5:41  Zergling x2  
  25  5:42  Zergling x24  
  36  5:59  Zerg Melee Weapons Level 1  
  35  6:17  Zergling x20  
  42  6:28  Zergling x2  
  42  6:29  Zergling x2  
  42  6:30  Baneling x2  
  42  6:32  Baneling x2  
  39  6:47  Zergling x2  
  39  6:48  Zergling x8  
  35  7:19  Zergling x18  
  40  7:25  Drone x2  
  42  7:35  Baneling x2  
  37  7:55  Zergling x14  
  41  8:09  Zergling x2  
  41  8:10  Zergling x10  
  44  8:30  Zergling x2  
  44  8:31  Zergling x8  
  43  8:42  Zergling x6  
  39  9:05  Zergling x14  
  39  9:06  Zergling x2  
  39  9:09  Baneling x2  
  47  9:10  Baneling x3  
  47  9:11  Baneling  
  46  9:17  Baneling  
Tags
 
Add a new tag
Caveats
  • Supply blocks, unpowered buildings, or Contaminate may cause inaccurate times.
  • Supply counts are checked every 10 seconds.